 Dungeon Crawl Stone Soup version 0.31-a0-662-g684573625c (webtiles) character file.

Game seed: 5326005559793209467

8 holysushi the Ruffian (level 2, 20/21 HPs)
             Began as a Demonspawn Shapeshifter on Sept 1, 2023.
             Quit the game on level 1 of the Dungeon.
             The game lasted 00:00:16 (157 turns).

holysushi the Ruffian (Demonspawn Shapeshifter)      Turns: 157, Time: 00:00:17

Health: 20/21      AC:  2    Str: 14    XL:     2   Next: 0%
Magic:  2/2        EV: 12    Int: 11    God:
Gold:   9          SH:  0    Dex: 12    Spells: 1/1 levels left

rFire   . .          .
                       - Unarmed
rCold   . . .        (no shield)
rNeg    . . .        a - +0 animal skin
rPois   .            (helmet currently unavailable)
rElec   .            (cloak currently unavailable)
rCorr   .            (gloves currently unavailable)
SInv    .            (boots currently unavailable)
Will    .....        (no amulet)
Stlth   +            (no ring)
HPRegen 0.23/turn    (no ring)
MPRegen 0.08/turn

%: no passive effects
@: beast-form
A: beast (slay +1), demonic magic 1
a: Begin Untransformation


You were on level 1 of the Dungeon.
You were a hulking beast.
You visited 1 branch of the dungeon, and saw 1 of its levels.

You collected 9 gold pieces.

Inventory:

Armour
 a - a +0 animal skin (worn)
Talismans
 c - a beast talisman (active)
 d - a flux talisman
Scrolls
 f - a scroll of enchant armour {unknown}
Potions
 b - a potion of lignification
 e - a potion of heal wounds {unknown}


   Skills:
 - Level 1.0 Fighting
 - Level 1.7 Dodging
 + Level 3.2 Unarmed Combat
 - Level 2.6 Shapeshifting


You had one spell level left.
You didn't know any spells.
Your spell library contained the following spells:

 Spells                   Type           Power      Damage    Failure   Level
 Magic Dart               Conj           0%         1d3       34%         1
 Call Imp                 Summ           0%         N/A       47%         2
 Mephitic Cloud           Conj/Pois/Air  0%         N/A       71%         3


Dungeon Overview and Level Annotations

Branches:
Dungeon (1/15) Zot: 5843

Altars:


Innate Abilities, Weirdness & Mutations

You are a hulking beast.
Your limbs bulge with bestial killing power. (Slay +1)
Spells you cast may paralyse adjacent enemies.


Message History

A giant cockroach is nearby!
A giant cockroach is nearby!
The giant cockroach barely misses you.
You hit the giant cockroach.
You kill the giant cockroach!
Found an Inescapable Atlas.
No target in view!
A kobold comes into view. It is wielding a +0 club.
Found a silvery potion.
A kobold is nearby!
A kobold is nearby!
A kobold is nearby!
The kobold shouts!
A bat comes into view.
A kobold comes into view. It is wielding a +0 short sword.
A frilled lizard comes into view.
The frilled lizard hisses angrily.
A goblin comes into view. It is wielding a +0 club.
The kobold shouts!
The goblin shouts!
The bat hits you but does no damage.
You barely miss the kobold. The kobold hits you with a +0 club.
You barely miss the frilled lizard. The bat barely misses you.
The kobold closely misses you.
The frilled lizard bites you but does no damage.
You hit the kobold.
The kobold is severely wounded.
The bat hits you but does no damage. The kobold barely misses you.
The frilled lizard closely misses you.
You closely miss the kobold.
The kobold is severely wounded.
The bat closely misses you.
The frilled lizard bites you but does no damage.
You hit the kobold.
You kill the kobold!
The bat barely misses you. The kobold barely misses you.
The frilled lizard completely misses you.
You have reached level 2!
Your demonic ancestry asserts itself...
A menacing aura infuses your magic.
Are you sure you want to abandon this character and quit the game? (Confirm with "yes".)

#.................####.
..#.####.####....#......
.#. #.# ###......... #
#.# #........... #.#
#.#......... #.
#.#..#.#####
####.#..b......
#....:.........
#.####.hg......
#lK#.##..# #...... ..
#...#.## # .....#!
###..#.## #..#. #... .


You could see a goblin, a bat, a kobold and a frilled lizard.

Vanquished Creatures
  3 giant cockroaches (D:1)
  A goblin (D:1)
  2 ball pythons (D:1)
  A kobold (D:1)
7 creatures vanquished.

Notes
Turn   | Place    | Note
-------+----------+-------------------------------------------
     0 | D:1      | holysushi the Demonspawn Shapeshifter began the quest for
                  | the Orb.
     0 | D:1      | Reached XP level 1. HP: 15/15 MP: 1/1
   113 | D:1      | Reached skill level 3 in Unarmed Combat
   157 | D:1      | Gained mutation: Spells you cast may paralyse adjacent
                  | enemies. [demonic ancestry]
   157 | D:1      | Reached XP level 2. HP: 20/21 MP: 2/2
   157 | D:1      | Quit the game

Illustrated notes

Levels and vault maps discovered:
D:1:      minmay_arrival_plants_in_alcoves, layout_basic, st_stairs_8,
          minmay_small_reverse_x

Skill      XL: |  1 |
---------------+----+-----
Unarmed Combat | 3 |  3.2
Fighting       | |  1.0
Dodging        | |  1.7
Shapeshifting  | |  2.6

Action                     || total
---------------------------++-------
  Melee: Unarmed           ||    17
 Armour: Animal skin       ||     9
  Dodge: Dodged            ||    16

Table legend: (Time is in decaauts)
 A = Elapsed time spent in this place.
 B = Non-inter-level travel time spent in this place.
 C = Inter-level travel time spent in this place.
 D = Time resting spent in this place.
 E = Time spent auto-exploring this place.
 F = Levels seen in this place.
 G = Mean time per level.
                   A        B        C        D        E       F      G
               +--------+--------+--------+--------+--------+-----+--------+
         Total |    156 |    156 |      0 |      0 |     99 |   1 |  156.0 |
       Dungeon |    156 |    156 |      0 |      0 |     99 |   1 |  156.0 |
               +--------+--------+--------+--------+--------+-----+--------+

Top non-repeatable levels by time:
     D:1: 156 daAuts
